 Dungeon Crawl Stone Soup version 0.29.1-15-g9cfb28693d (webtiles) character file.

Game seed: 10497304728178275333

42 HakonGodeson the Trooper (level 3, -1/29 HPs)
             Began as a Human Fighter on Mar 30, 2023.
             Slain by an iguana (8 damage)
             ... on level 4 of the Dungeon.
             The game lasted 00:02:47 (1083 turns).

HakonGodeson the Trooper (Human Fighter)            Turns: 1083, Time: 00:02:47

Health: -1/29      AC:  6    Str: 16    XL:     3   Next: 77%
Magic:  3/3        EV:  9    Int: 10    God:
Gold:   94         SH:  0    Dex: 12    Spells: 2/2 levels left

rFire   . . .      SeeInvis .   a - +0 war axe
rCold   . . .      Faith    .   c - +0 buckler
rNeg    . . .      Spirit   .   b - +0 scale mail
rPois   .          Reflect  .   (no helmet)
rElec   .          Harm     .   (no cloak)
rCorr   .          Rampage  .   (no gloves)
Will    .....                   (no boots)
Stlth   ..........              (no amulet)
HPRegen 0.09/turn               (no ring)
MPRegen 0.08/turn               (no ring)

@: confused, ambrosia-drunk
A: no striking features
a: no special abilities


You were on level 4 of the Dungeon.
You visited 1 branch of the dungeon, and saw 4 of its levels.

You collected 94 gold pieces.

Inventory:

Hand Weapons
 a - a +0 war axe (weapon)
Armour
 b - a +0 scale mail (worn)
 c - a +0 buckler (worn)
Scrolls
 e - a scroll of magic mapping
Potions
 d - 2 potions of might
 f - a potion of ambrosia


   Skills:
 * Level 3.4 Fighting
 * Level 2.3 Axes
 * Level 3.2 Armour
 * Level 0.8 Dodging
 * Level 0.5 Stealth
 * Level 3.3 Shields


You had 2 spell levels left.
You didn't know any spells.
Your spell library was empty.

Dungeon Overview and Level Annotations

Branches:
Dungeon (4/15)
 Temple: D:4-7

Altars:


Message History

You hit the worm.
The worm is moderately wounded.
The worm bites you.
You slash the worm!
The worm is almost dead.
The worm barely misses you.
You slash the worm!
You kill the worm!
Found a leather armour.
You now have 94 gold pieces (gained 7).
You start resting.
HP restored.
There is a stone staircase leading down here.
You climb downwards.
There is a stone staircase leading up here.
Found 2 fizzy pink potions.
f - 2 fizzy pink potions
Okay, then.
Found 8 gold pieces.
An iguana comes into view.
The iguana hisses angrily.
Found a leather armour.
Found a stone staircase leading up.
A hound comes into view.
The hound barks!
An endoplasm comes into view.
The endoplasm quivers.
The iguana bites you. The iguana bites you. The hound bites you.
You barely miss the iguana. You slash the hound! You block the hound's attack.
The iguana bites you. You block the hound's attack.
You closely miss the iguana. You hit the hound. The hound bites you.
The iguana bites you!
* * * LOW HITPOINT WARNING * * *
The endoplasm jiggles.
The hound bites you but does no damage.
Unknown command.
It was a potion of ambrosia.
You are confused.
You feel invigorated. The iguana bites you!
You die...

...... #...#
..[... ###....
...... ###......
......
###....####
....## ###....###
# . ...#
###....### ## ...
#$###.....## #.
.....##.......###
#.
....J..h@...###
#. .<......l.##.#
#. ...#####..# ##
#. .. ##... #.
#..## ##. ...#
#########.. ...#
#.......... #..
#..........
...........


You could see an iguana, a hound and an endoplasm.

Vanquished Creatures
  2 adders (D:2)
  A worm (D:3)
  A dart slug (D:2)
  An orc (D:3)
  An endoplasm (D:3)
  2 goblins (D:2)
  2 jackals (D:2)
  2 ball pythons
  A bat (D:3)
  4 rats
17 creatures vanquished.

Vanquished Creatures (collateral kills)
  A jackal (D:2)
  A bat (D:2)
2 creatures vanquished.

Grand Total: 19 creatures vanquished

Notes
Turn   | Place    | Note
-------+----------+-------------------------------------------
     0 | D:1      | HakonGodeson the Human Fighter began the quest for the Orb.
     0 | D:1      | Reached XP level 1. HP: 18/18 MP: 1/1
   105 | D:2      | Reached XP level 2. HP: 21/24 MP: 2/2
   131 | D:2      | Reached XP level 3. HP: 5/29 MP: 3/3
  1083 | D:4      | Slain by an iguana

Illustrated notes

Levels and vault maps discovered:
D:1:      wander_arrival_desolate, layout_loops_corners, serial_shops,
          nicolae_shop_stone, kennysheep_crisscross, corexii_hall_statues_x,
          minmay_tetromino_t2
D:2:      layout_rooms, corexii_item_surrounded_by_moat
D:3:      layout_basic, uniq_jessica
D:4:      layout_cave_pods, serial_shops, nicolae_shop_window_shopping

Action                   || total
-------------------------++-------
Melee: War axe           ||    61
  Use: Scroll            ||     2
       Potion            ||     1
Armor: Scale mail        ||    41
Dodge: Dodged            ||    30
Block: Buckler           ||    16
